 Dungeon Crawl Stone Soup version 0.31.0-9-g3a7656b989 (webtiles) character file.

Game seed: 3678629307864368533

3693 Bnni the Gouger (level 9, -15/46 HPs)
             Began as a Felid Shapeshifter on Feb 3, 2024.
             Was a Believer of Uskayaw.
             Demolished by a komodo dragon (32 damage)
             ... on level 8 of the Dungeon.
             The game lasted 00:16:02 (7772 turns).

Bnni the Gouger (Felid Shapeshifter)                Turns: 7772, Time: 00:16:03

Health: -15/46     AC:  7    Str: 15    XL:     9   Next: 90%
Magic:  10/10      EV: 11    Int: 21    God:    Uskayaw [**....]
Gold:   314        SH:  5    Dex: 19    Spells: 8/8 levels left
                                        Lives:  0   Deaths: 3

rFire   . .          .
                       - Unarmed
rCold   . . .        (shield unavailable)
rNeg    + . .        (body armour unavailable)
rPois   +            (helmet unavailable)
rElec   .            (cloak unavailable)
rCorr   .            (gloves unavailable)
SInv    +            (boots unavailable)
Will    +....        t - amulet of reflection
Stlth   ++           f - +6 ring of intelligence
HPRegen 0.27/turn    H - ring of positive energy
MPRegen 0.12/turn

%: reflection
@: snake-form
A: constrict, reduced hp, large, (claws 1), (fangs 3), see invisible, (shaggy
fur 2), (stealthy paws), no weapons or thrown items, no armour, multi-lived
a: Begin Untransformation, Renounce Religion, Stomp, Line Pass


You were on level 8 of the Dungeon.
You worshipped Uskayaw.
Uskayaw was noncommittal.
You were an enormous serpent.
You visited 2 branches of the dungeon, and saw 9 of its levels.
You also visited: Ossuary.

You collected 418 gold pieces.
You paid 104 gold pieces to Gozag.

Inventory:

Jewellery
 f - a +6 ring of intelligence (left hand)
 t - an amulet of reflection (around neck)
 H - a ring of positive energy (right hand)
Talismans
 c - a flux talisman
 D - a serpent talisman (active)
 F - a dragon-blood talisman
Wands
 E - a wand of mindburst (8)
 G - a wand of charming (6)
Scrolls
 b - a scroll of torment {unknown}
 d - 6 scrolls of identify {unknown}
 e - 4 scrolls of teleportation {unknown}
 g - 5 scrolls of enchant weapon {unknown}
 h - 2 scrolls of immolation {unknown}
 m - 2 scrolls of amnesia {unknown}
 o - a scroll of fog {unknown}
 p - a scroll of acquirement {unknown}
 q - 2 scrolls of blinking {unknown}
 u - 2 scrolls of vulnerability {unknown}
 v - 2 scrolls of noise {unknown}
 y - a scroll of silence {unknown}
 B - 2 scrolls of enchant armour {unknown}
 C - 3 scrolls of fear {unknown}
 I - a scroll of brand weapon {unknown}
Potions
 a - a potion of magic {unknown}
 i - 4 potions of ambrosia {unknown}
 j - a potion of resistance {unknown}
 k - a potion of haste {unknown}
 l - 2 potions of curing {unknown}
 n - a potion of brilliance {unknown}
 r - 3 potions of heal wounds {unknown}
 s - 2 potions of attraction {unknown}
 w - a potion of invisibility {unknown}
 x - 5 potions of enlightenment {unknown}
 z - 2 potions of mutation {unknown}
 A - a potion of berserk rage {unknown}


   Skills:
 + Level 6.3 Fighting
 - Level 2.6 Dodging
 * Level 9.6 Unarmed Combat
 + Level 1.0 Invocations
 * Level 8.0 Shapeshifting


You had 8 spell levels left.
You didn't know any spells.
Your spell library contained the following spells:

 Spells                   Type           Power      Damage    Failure   Level
 Frozen Ramparts          Ice            0%         1d1       47%         3
 Hailstorm                Conj/Ice       0%         3d5       47%         3
 Summon Ice Beast         Ice/Summ       0%         N/A       47%         3
 Leda's Liquefaction      Alch/Erth      0%         N/A       87%         4
 Petrify                  Alch/Erth      0%         N/A       87%         4
 Metabolic Englaciation   Hex/Ice        0%         N/A       99%         5
 Sculpt Simulacrum        Ice/Alch       0%         N/A       100%        6


Dungeon Overview and Level Annotations

Branches:
Dungeon (8/15)             Temple (1/1) D:6         Ossuary (visited)
   Lair: D:8-11

Altars:
Ashenzari
Cheibriados
Dithmenos
Elyvilon
Fedhas
Gozag
Hepliaklqana
Kikubaaqudgha
Makhleb
Nemelex Xobeh
Okawaru
Qazlal
Ru
Sif Muna
Trog
Uskayaw
Vehumet
Wu Jian
Xom
Yredelemnul
Zin
The Shining One

Shops:
D:6 (


Innate Abilities, Weirdness & Mutations

You are an enormous serpent.
You have a powerful constriction melee attack.
Your maximum health is decreased, since you lack skill for your form.
((You have sharp claws.))
((You have razor-sharp teeth.))
You have supernaturally acute eyesight. (SInv)
((You are covered in thick fur. (AC +2)))
((Your paws help you pounce on unaware monsters.))
You are incapable of wielding weapons or throwing items.
You cannot wear armour.
You gain extra lives every three experience levels.


Message History

You see here a +0 short sword.
There is a stone staircase leading up here.
Found a stone staircase leading up.
A komodo dragon comes into view.
Gozag incites the komodo dragon against you.
The komodo dragon hisses angrily.
The komodo dragon goes berserk!
Aiming: Mindburst
Press: ? - help, Shift-Dir - straight line, f - komodo dragon
Aim: a komodo dragon (berserk, incited by Gozag, chance to affect: 47%)
The komodo dragon resists with some effort.
Unknown command.
Aiming: Mindburst
Press: ? - help, Shift-Dir - straight line, f/p - komodo dragon
Aim: a komodo dragon (berserk, incited by Gozag, chance to affect: 47%)
The komodo dragon's mind is blasted.
Unknown command.
Okay, then.
You closely miss the komodo dragon. You grab the komodo dragon.
The komodo dragon is lightly wounded.
You constrict the komodo dragon, but do no damage.
The komodo dragon bites you!!
Ouch! That really hurt!
Unknown command.
You lash the komodo dragon!
The komodo dragon is lightly wounded.
You constrict the komodo dragon, but do no damage.
The komodo dragon closely misses you.
Unknown command.
You lash the komodo dragon!
The komodo dragon is moderately wounded.
You constrict the komodo dragon. The komodo dragon barely misses you.
You can now pass through a line of other dancers.
Unknown command.
You lash the komodo dragon!
The komodo dragon is heavily wounded.
You constrict the komodo dragon. The komodo dragon bites you.
The komodo dragon bites you!!
Ouch! That really hurt!
You die...

#####.### ## #........
.. #.###.### #. #.#
#.# #. ### #.# #.#
#.###.#####.# #.#
#.#.........# #.#
.#.###l#.#.####..# #.#
.?.....S.........# #.#
....##.###.####..###.#
. #. #.# #....#.# ..
#.# #.####.# ###
##.####.####.###
................
##.#########.... #....
##.#.#


You could see a komodo dragon (berserk, incited).

Vanquished Creatures
  2 water moccasins
  A sky beast (D:7)
  2 black bears
  3 centaurs
  2 phantoms
  Blork the orc (D:4)
  6 bullfrogs
  12 scorpions
  9 wights
  4 killer bees (D:8)
  A howler monkey (D:5)
  2 hounds
  2 human zombies (Ossuary)
  2 centaur zombies (Ossuary)
  A jelly (D:8)
  2 orc priests
  Ijyb (D:4)
  An iguana (D:4)
  5 orc wizards
  2 sleepcaps
  4 scorpion zombies (Ossuary)
  3 mummies (Ossuary)
  Robin (D:2)
  10 gnolls
  5 adders
  4 shadow imps
  2 white imps
  An adder zombie (Ossuary)
  2 ribbon worms (D:2)
  3 dart slugs
  24 orcs
  3 bats
  4 endoplasms
  3 giant cockroaches
  10 goblins
  9 hobgoblins
  3 kobolds
  6 quokkas
  4 ball pythons
  2 gnoll zombies (Ossuary)
  2 jackal zombies (Ossuary)
  2 orc zombies (Ossuary)
  6 rats
174 creatures vanquished.

Vanquished Creatures (others)
  An orc warrior (D:7)
1 creature vanquished.

Grand Total: 175 creatures vanquished

Notes
Turn   | Place    | Note
-------+----------+-------------------------------------------
     0 | D:1      | Bnni the Felid Shapeshifter began the quest for the Orb.
     0 | D:1      | Reached XP level 1. HP: 10/10 MP: 2/2
   340 | D:1      | Reached XP level 2. HP: 5/14 MP: 3/3
   501 | D:1      | Found a faded altar of an unknown god.
   726 | D:2      | Noticed Robin
   741 | D:2      | Reached XP level 3. HP: 14/18 MP: 4/4
   764 | D:2      | Killed Robin
  1081 | D:2      | Reached XP level 4. HP: 14/23 MP: 5/5
  1081 | D:2      | Gained a life (2 lives remaining)
  1507 | D:2      | Reached skill level 4 in Unarmed Combat
  1613 | D:3      | Noticed a centaur
  1619 | D:3      | Killed a centaur
  1620 | D:3      | Reached XP level 5. HP: 16/27 MP: 6/6
  1739 | D:3      | Slain by an orc priest
  1739 | D:3      | Lost a life (1 life remaining)
  1780 | D:3      | Killed from afar by an orc priest
  1780 | D:3      | Lost a life (0 lives remaining)
  1899 | D:3      | Reached skill level 5 in Unarmed Combat
  1899 | D:3      | Gained mutation: You are covered in thick fur. (AC +2)
                  | [Felid growth]
  1899 | D:3      | Reached XP level 6. HP: 32/32 MP: 7/7
  2507 | D:4      | Found a sand-covered staircase.
  2555 | Ossuary  | Entered an ossuary
  2578 | Ossuary  | Reached XP level 7. HP: 25/36 MP: 8/8
  2578 | Ossuary  | Gained a life (1 life remaining)
  2624 | Ossuary  | Reached skill level 5 in Shapeshifting
  2710 | Ossuary  | Reached skill level 6 in Unarmed Combat
  2965 | Ossuary  | Reached XP level 8. HP: 35/42 MP: 9/9
  3440 | D:4      | Reached skill level 7 in Unarmed Combat
  3440 | D:4      | Noticed Ijyb
  3455 | D:4      | Killed Ijyb
  3689 | D:4      | Noticed Blork the orc
  3697 | D:4      | Killed Blork the orc
  3995 | D:5      | Entered Level 5 of the Dungeon
  4564 | D:5      | Reached skill level 5 in Fighting
  4908 | D:6      | Reached skill level 8 in Unarmed Combat
  4918 | D:6      | Found a staircase to the Ecumenical Temple.
  4925 | Temple   | Entered the Ecumenical Temple
  4956 | Temple   | Became a worshipper of Uskayaw the Reveller
  5005 | Temple   | Fell from the grace of Uskayaw
  5005 | Temple   | Became a worshipper of Gozag Ym Sagoz the Greedy
  5053 | Temple   | Fell from the grace of Gozag
  5053 | Temple   | Became a worshipper of Uskayaw the Reveller
  5090 | D:6      | Reached * piety under Uskayaw
  5092 | D:6      | Reached ** piety under Uskayaw
  5107 | D:6      | Reached XP level 9. HP: 29/47 MP: 10/10
  5747 | D:6      | Found Hytuim Lide's Antique Weapon Boutique.
  6208 | D:7      | Killed from afar by an orc priest
  6208 | D:7      | Lost a life (0 lives remaining)
  6221 | D:7      | Reached *** piety under Uskayaw
  6224 | D:7      | Reached **** piety under Uskayaw
  6480 | D:7      | Reached skill level 9 in Unarmed Combat
  6830 | D:7      | Found a bloodstained altar of Trog.
  6840 | D:7      | Found a shadowy altar of Dithmenos.
  7359 | D:8      | Reached skill level 1 in Invocations
  7766 | D:8      | Noticed a komodo dragon
  7772 | D:8      | Demolished by a komodo dragon

Illustrated notes

Levels and vault maps discovered:
D:1:      heliophobic_arrival_ceremonial_halls, layout_basic,
          ebering_ecumenical_altar_hall
D:2:      layout_basic, serial_glass, glass_columns_b, glass_columns_a,
          minmay_fountain_box, kennysheep_cross_room, uniq_robin
D:3:      layout_loops_cross
D:4:      layout_basic, nicolae_ossuary_entry_monument, uniq_ijyb,
          uniq_blork_the_orc
D:5:      layout_rooms, minmay_statues_item, dreamdust_princess_corridor,
          grunt_ministairs_3, hangedman_abyss_or_decor_stagger,
          chequers_big_river
D:6:      layout_gridville, minmay_temple_entry_slanted, serial_shops, shop,
          serial_bayou_pond_d
D:7:      layout_loops_corners, amethyst_overflow_temple_binary
D:8:      layout_basic
Temple:   mainiacjoe_temple_big_plus

Skill      XL: |  1  2  3  4  5  6  7  8  9 |
---------------+----------------------------+-----
Shapeshifting  | 3 4 5 6 8 |  8.0
Unarmed Combat | 4 5 6 8 9 |  9.6
Fighting       | 2 3 4 5 6 |  6.3
Invocations    | 1 |  1.0
Dodging        | |  2.6

Action                     |  1- 3 |  4- 6 |  7- 9 || total
---------------------------+-------+-------+-------++-------
  Melee: Unarmed           |    83 |   114 |   363 ||   560
         Bite              |     7 |    11 |    26 ||    44
         Punch             |     3 |     3 |       ||     6
         Constrict         |       |       |    41 ||    41
 Invoke: Line Pass         |       |       |     1 ||     1
  Evoke: Wand              |       |       |     4 ||     4
    Use: Potion            |       |     1 |     1 ||     2
   Stab: Sleeping          |     2 |     2 |     1 ||     5
         Distracted        |     1 |     1 |       ||     2
         Paralysed         |       |       |     5 ||     5
 Armour: Skin              |    20 |    50 |   159 ||   229
  Dodge: Dodged            |    49 |    94 |   209 ||   352
  Block: Other             |       |       |    59 ||    59
         Reflection        |       |       |     1 ||     1
   Form: Flux              |       |     1 |     1 ||     2
         Serpent           |       |       |     2 ||     2
